 Dungeon Crawl Stone Soup version 0.21.0-3-g78d12a8 (webtiles) character file.

1592 dobroeutro the Carver (level 8, -11/58 HPs)
             Began as a Demonspawn Fighter on Jan 11, 2018.
             Was an Initiate of Okawaru.
             Mangled by an ogre
             ... wielding a +0 giant club
              (12 damage)
             ... on level 6 of the Dungeon.
             The game lasted 00:05:59 (4207 turns).

dobroeutro the Carver (Demonspawn Fighter)          Turns: 4207, Time: 00:06:00

Health: -11/58     AC: 10    Str: 18    XL:     8   Next: 61%
Magic:  8/8        EV:  7    Int:  9    God:    Okawaru [......]
Gold:   337        SH: 10    Dex: 14    Spells: 7/7 levels left

rFire    . . .     SeeInvis .   l - +2 falchion (flame)
rCold    . . .     Gourm    .   c - +1 shield
rNeg     + . .     Faith    .   b - +0 scale mail
rPois    .         Spirit   .   (helmet restricted)
rElec    .         Reflect  .   (no cloak)
rCorr    .         Harm     .   (no gloves)
MR       .....                  h - +0 pair of boots
Stlth    ..........             (no amulet)
HPRegen  0.19/turn              y - ring of positive energy
MPRegen  0.11/turn              (no ring)

@: very slightly contaminated, invisible
A: antennae 1, molten scales 2
a: Renounce Religion


You were on level 6 of the Dungeon.
You worshipped Okawaru.
Okawaru was noncommittal.
You were very hungry.

You visited 2 branches of the dungeon, and saw 7 of its levels.

You collected 337 gold pieces.

Inventory:

Hand Weapons
 a - a +0 long sword
 l - a +2 falchion of flaming (weapon)
Armour
 b - a +0 scale mail (worn)
 c - a +1 shield (worn)
 h - a +0 pair of boots (worn)
Jewellery
 y - a ring of positive energy (left hand)
Wands
 t - a wand of scattershot (6)
Scrolls
 e - 2 scrolls of blinking
 i - 2 scrolls of amnesia
 p - a scroll of remove curse
 s - a scroll of teleportation
 w - a scroll of random uselessness
 z - 2 scrolls of identify
Potions
 d - 3 potions of might
 g - 2 potions of haste {unknown}
 j - 3 potions of berserk rage
 k - 4 potions of magic
 n - a potion of brilliance {unknown}
 o - a potion of lignification {unknown}
 v - a potion of flight {unknown}
Books
 x - a book of Maledictions

   Spells                             Type                      Level
   a - Corona                         Hexes                        1
   b - Ensorcelled Hibernation        Hexes/Ice                    2
   c - Confuse                        Hexes                        3
   d - Tukima's Dance                 Hexes                        3
   e - Dazzling Spray                 Conjuration/Hexes            3
 A - a book of Necromancy

   Spells                             Type                      Level
   a - Pain                           Necromancy                   1
   b - Animate Skeleton               Necromancy                   1
   c - Vampiric Draining              Necromancy                   3
   d - Regeneration                   Charms/Necromancy            3
   e - Animate Dead                   Necromancy                   4
   f - Borgnjor's Vile Clutch         Necromancy/Earth             5
Comestibles
 f - 8 rations


   Skills:
 - Level 3.0 Fighting
 + Level 10.1 Long Blades
 - Level 2.6 Armour
 - Level 2.6 Shields


You had 7 spell levels left.
You didn't know any spells.

Dungeon Overview and Level Annotations

Branches:
Dungeon (6/15)             Temple (1/1) D:6

Altars:
Ashenzari
Cheibriados
Fedhas
Gozag
Okawaru
Zin

Portals:
Ossuary: D:6


Innate Abilities, Weirdness & Mutations

You have a pair of small antennae on your head.
You are mostly covered in molten scales. (AC +3)


Message History

Okay, then.
Really walk into that arrow trap?
An arrow shoots out and hits you! The mummy hits you but does no damage.
There is an arrow trap here.
You hear the brisk hiss of an avalanche of sand.
The ogre hits you with a giant club!!
* * * LOW HITPOINT WARNING * * *
The mummy hits you.
* * * LOW HITPOINT WARNING * * *
You block the mummy's attack.
There is a sand-covered staircase here.
It was a potion of invisibility.
You fade into invisibility!
The ogre barely misses you.
You are very lightly contaminated with residual magic.
Okay, then.
The mummy hits you.
* * * LOW HITPOINT WARNING * * *
The ogre hits you with a giant club!
You die...

............).......'...
....................#...
.<..................#... .
..........#.........####
#.########[.##..########..#
...........###^............
..........##.#.......!.....
.........##^.#.............
........##@M^'.............
....###..##O.#.####+##..###
....####..##.#.#### #..###
..........###....# .......
...........##....# ...?...
............#....# ......
..........#......# ......
...####...##.#..## #+####
... #...##....#


You could see an ogre and a mummy.

Vanquished Creatures
  The ghost of ThereIsNoGod the Magician, a novice DrIE of Sif Muna (D:6)
  The ghost of mopl the Sneak, a novice TeEn of Dithmenos (D:4)
  A sky beast (D:2)
  2 ogres
  A bullfrog (D:6)
  A scorpion (D:6)
  A howler monkey (D:4)
  A crimson imp (D:5)
  A centaur zombie (D:6)
  2 orc priests (D:4)
  3 orc wizards
  A bullfrog skeleton (D:6)
  2 hounds
  Ijyb (D:3)
  Jessica (D:3)
  An iguana (D:5)
  A worker ant (D:5)
  Terence (D:2)
  6 adders
  An ooze (D:1)
  4 worms
  2 dart slugs (D:1)
  A leopard gecko (D:1)
  9 orcs
  2 ball pythons
  3 giant cockroaches
  8 goblins
  4 hobgoblins
  7 jackals
  3 quokkas
  5 bats
  4 frilled lizards
  3 kobolds
  10 rats
95 creatures vanquished.

Notes
Turn   | Place    | Note
-------+----------+-------------------------------------------
     0 | D:1      | dobroeutro the Demonspawn Fighter began the quest for the Orb.
     0 | D:1      | Reached XP level 1. HP: 18/18 MP: 1/1
    22 | D:1      | Reached skill level 2 in Long Blades
    33 | D:1      | Gained mutation: You are partially covered in molten scales. (AC +2) [demonic ancestry]
    33 | D:1      | Reached XP level 2. HP: 4/24 MP: 2/2
   365 | D:1      | Reached skill level 3 in Long Blades
   775 | D:1      | Reached XP level 3. HP: 29/29 MP: 3/3
   933 | D:2      | Noticed Terence
   943 | D:2      | Killed Terence
  1253 | D:2      | Reached XP level 4. HP: 35/35 MP: 4/4
  1258 | D:2      | Reached skill level 4 in Long Blades
  1278 | D:2      | Noticed a sky beast
  1287 | D:2      | Killed a sky beast
  1287 | D:2      | Reached skill level 5 in Long Blades
  1287 | D:2      | Gained mutation: You are mostly covered in molten scales. (AC +3) [demonic ancestry]
  1287 | D:2      | Reached XP level 5. HP: 34/41 MP: 5/5
  1963 | D:3      | Noticed Jessica
  1987 | D:3      | Killed Jessica
  2064 | D:3      | Noticed Ijyb
  2077 | D:3      | Killed Ijyb
  2077 | D:3      | Reached XP level 6. HP: 47/47 MP: 6/6
  2237 | D:4      | Found an opulent altar of Gozag.
  2296 | D:4      | Found a blossoming altar of Fedhas.
  2405 | D:4      | Reached skill level 6 in Long Blades
  2489 | D:4      | Noticed mopl's ghost (novice TeEn)
  2516 | D:4      | Killed mopl's ghost
  2516 | D:4      | Reached skill level 7 in Long Blades
  2516 | D:4      | Gained mutation: You have a pair of small antennae on your head. [demonic ancestry]
  2516 | D:4      | Reached XP level 7. HP: 39/52 MP: 7/7
  3021 | D:5      | Entered Level 5 of the Dungeon
  3379 | D:4      | Reached skill level 8 in Long Blades
  3795 | D:6      | Noticed ThereIsNoGod's ghost (novice DrIE)
  3836 | D:6      | Found a staircase to the Ecumenical Temple.
  3852 | D:6      | Reached XP level 8. HP: 32/58 MP: 8/8
  3902 | Temple   | Entered the Ecumenical Temple
  3921 | Temple   | Became a worshipper of Warmaster Okawaru
  4108 | D:6      | Killed ThereIsNoGod's ghost
  4108 | D:6      | Reached skill level 9 in Long Blades
  4168 | D:6      | Reached skill level 10 in Long Blades
  4199 | D:6      | Found a sand-covered staircase.
  4203 | D:6      | HP: 2/58 [ogre/giant club (25)]
  4207 | D:6      | Mangled by an ogre

Skill      XL: |  1  2  3  4  5  6  7  8 |
---------------+-------------------------+-----
Long Blades    | 2 3 5 7 8 10 | 10.1
Fighting       | |  3.0
Armour         | |  2.6
Shields        | |  2.6

Action                   |  1- 3 |  4- 6 |  7- 9 || total
-------------------------+-------+-------+-------++-------
Melee: Long sword        |   110 |       |       ||   110
       Falchion          |    14 |   139 |   173 ||   326
  Use: Potion            |       |       |     3 ||     3
       Scroll            |       |       |     8 ||     8
  Eat: Chunk             |     1 |     5 |     4 ||    10
Armor: Scale mail        |    84 |    67 |    71 ||   222
Dodge: Dodged            |    42 |    27 |    46 ||   115
Block: Shield            |    62 |    53 |    78 ||   193
       Rpst.: Long sword |    13 |       |       ||    13
       Falchion          |       |     9 |    14 ||    23
